Map: [ESL] Alcyone

Players

Spirit

  • Race: Terran Terran
  • Spawn Location: 7:00

Dark - Winner!

  • Race: Zerg Zerg
  • Spawn Location: 1:00

Event: ESL SC2 Masters 2023 Winter (Finals)

VOD

Have the link to the VOD?

Description

Time

  • Played on: Dec. 15, 2023, 3:41 p.m.
  • Length: 32:46

All games in this series

Show
View Real Time Build Order
Export as new Build Order

Spirit Terran 

Build Orders: Command Center First, Hellion Banshee 

Get SALT Encoding   

  12  0:00  SCV  
  13  0:12  SCV  
  14  0:16  Supply Depot  
  14  0:24  SCV  
  15  0:38  SCV  
  16  0:50  SCV  
  17  1:00  Command Center  
  17  1:03  SCV  
  18  1:12  Barracks  
  18  1:16  SCV  
  19  1:21  Refinery  
  19  1:28  SCV  
  19  1:30  Refinery  
  20  1:40  SCV  
  22  1:54  SCV  
  22  2:00  Reaper  
  23  2:06  Orbital Command  
  23  2:12  Orbital Command  
  23  2:19  Factory  
  23  2:26  Supply Depot  
  23  2:31  SCV  
  23  2:32  Barracks Reactor  
  24  2:37  SCV  
  24  2:43  SCV  
  26  2:49  SCV  
  27  2:56  SCV  
  28  2:58  Command Center  
  28  3:01  SCV  
  29  3:06  Starport  
  29  3:08  SCV  
  30  3:14  Hellion, SCV  
  30  3:19  Hellion  
  35  3:20  SCV  
  35  3:21  Barracks Tech Lab  
  35  3:26  SCV  
  37  3:32  SCV  
  38  3:37  Supply Depot  
  38  3:38  Hellion, SCV  
  38  3:40  Hellion  
  43  3:44  SCV  
  44  3:50  SCV  
  44  3:52  Cloaking Field  
  44  3:53  Barracks Tech Lab  
  45  3:56  SCV  
  45  3:58  Banshee  
  45  4:00  Hellion  
  45  4:01  Hellion  
  45  4:02  SCV  
  54  4:10  SCV  
  54  4:12  Stimpack, Marine  
  54  4:13  Orbital Command  
  54  4:14  SCV  
  57  4:20  Supply Depot  
  57  4:22  SCV  
  58  4:25  Hellion  
  58  4:26  Hellion, SCV  
  63  4:34  SCV  
  64  4:38  SCV  
  64  4:40  Supply Depot  
  64  4:41  Banshee  
  64  4:43  Supply Depot  
  69  4:45  SCV  
  69  4:48  Refinery  
  69  4:49  Refinery  
  72  4:54  Bunker  
  72  4:55  Marauder  
  72  4:56  SCV  
  72  4:58  SCV  
  76  5:00  Orbital Command  
  76  5:03  Barracks  
  73  5:10  Factory Reactor, Engineering Bay  
  73  5:11  Engineering Bay  
  73  5:12  SCV  
  73  5:13  Barracks  
  73  5:17  SCV  
  73  5:18  Command Center  
  74  5:24  SCV  
  74  5:25  SCV  
  76  5:29  SCV, Supply Depot  
  76  5:33  Starport Reactor, Supply Depot  
  77  5:36  Terran Infantry Weapons Level 1, SCV  
  77  5:37  SCV  
  77  5:38  Terran Infantry Armor Level 1  
  77  5:41  SCV  
  80  5:46  Supply Depot  
  80  5:48  SCV  
  80  5:49  SCV  
  82  5:50  Supply Depot  
  82  5:51  Combat Shield  
  82  5:54  SCV  
  83  5:58  Marine x2  
  83  5:59  Siege Tank  
  83  6:00  SCV  
  83  6:01  SCV  
  90  6:06  SCV  
  90  6:08  Marine  
  92  6:11  Medivac x2  
  92  6:12  SCV  
  92  6:13  SCV  
  92  6:15  Barracks, Marine  
  92  6:16  Marine x2  
  92  6:17  Barracks  
  101  6:19  SCV  
  101  6:21  Marine  
  101  6:24  SCV  
  104  6:27  Marauder  
  104  6:29  Supply Depot x2  
  104  6:32  Refinery x2  
  106  6:33  SCV x2  
  106  6:35  Marine x2  
  106  6:38  Armory  
  110  6:41  Siege Tank  
  110  6:42  Medivac  
  110  6:43  Marine x2  
  110  6:46  SCV  
  118  6:47  Marine  
  118  6:52  SCV x2  
  118  6:53  Marine x2  
  123  6:58  SCV  
  123  6:59  Factory  
  123  7:01  Marine x2  
  125  7:03  Barracks Reactor  
  125  7:04  Barracks Tech Lab  
  125  7:05  Marine, SCV  
  125  7:08  Planetary Fortress, SCV  
  130  7:10  Concussive Shells, SCV  
  130  7:11  Marine  
  130  7:15  Supply Depot  
  131  7:17  SCV, Supply Depot  
  131  7:18  Siege Tank  
  131  7:21  Marine x3  
  138  7:24  Marauder  
  138  7:28  Terran Vehicle Weapons Level 1, Marine  
  141  7:34  SCV x3  
  144  7:38  Sensor Tower  
  144  7:39  Marine x3  
  144  7:43  Barracks x2, Marine  
  144  7:44  Factory Tech Lab, Marine, Marauder  
  150  7:45  Barracks  
  150  7:46  Marine  
  150  7:47  Medivac  
  156  7:52  Marine  
  156  7:55  Supply Depot  
  157  8:02  Hellion x8  
  157  8:03  Marauder, Medivac  
  157  8:04  SCV x2  
  157  8:05  SCV  
  164  8:06  Marine  
  164  8:07  Marauder, Refinery  
  164  8:08  Refinery  
  164  8:11  Terran Infantry Weapons Level 2, Terran Infantry Armor Level 2  
  163  8:14  Marine  
  163  8:15  SCV  
  163  8:16  SCV  
  163  8:18  Ghost Academy  
  163  8:19  Supply Depot  
  166  8:23  Medivac  
  166  8:24  Marauder  
  170  8:29  Supply Depot  
  170  8:31  SCV  
  170  8:33  Command Center  
  171  8:34  Barracks Tech Lab x2  
  171  8:35  Barracks Tech Lab  
  171  8:44  Siege Tank  
  171  8:45  Marauder, Marine  
  171  8:47  Liberator  
  171  8:48  Marine  
  181  8:52  Liberator  
  181  8:54  Siege Tank, Supply Depot  
  185  8:59  Marine x4  
  186  9:09  Marine  
  187  9:16  Siege Tank  
  189  9:18  Command Center  
  189  9:20  Marine  
  187  9:25  Marine  
  187  9:26  Siege Tank  
  187  9:30  Medivac  
  193  9:31  Marine  
  193  9:34  Marauder, Marine  
  179  9:42  Command Center  
  167  9:48  Siege Tank  
  167  9:50  Ghost x4  
  178  9:55  Ghost  
  180  10:00  Marine  
  176  10:12  Planetary Fortress  
  173  10:18  Ghost x2  
  177  10:23  Sensor Tower  
  177  10:25  Siege Tank  
  180  10:29  Refinery  
  180  10:30  Missile Turret  
  180  10:31  Missile Turret  
  180  10:33  Missile Turret  
  180  10:35  Ghost, Sensor Tower  
  180  10:37  Siege Tank  
  180  10:41  Orbital Command  
  180  10:47  Command Center  
  177  10:50  Missile Turret  
  177  10:51  Missile Turret x2  
  175  10:57  Siege Tank  
  175  10:58  Ghost  
  175  11:01  Refinery  
  180  11:09  Siege Tank  
  183  11:18  Command Center x2, Missile Turret  
  183  11:19  Terran Infantry Weapons Level 3  
  183  11:27  Bunker  
  183  11:28  Bunker  
  183  11:29  Siege Tank  
  183  11:31  Planetary Fortress  
  186  11:37  Command Center  
  186  11:47  Terran Infantry Armor Level 3  
  186  11:48  Terran Vehicle Weapons Level 2, Nuke  
  186  11:55  Ghost  
  186  11:59  Command Center  
  188  12:05  Starport  
  188  12:06  Fusion Core  
  188  12:22  Planetary Fortress  
  188  12:25  Missile Turret  
  188  12:26  Missile Turret  
  188  12:29  Missile Turret  
  188  12:30  Orbital Command x2  
  188  12:31  Sensor Tower  
  188  12:36  Command Center  
  188  12:37  Personal Cloaking  
  186  12:54  Ghost  
  186  12:55  Advanced Ballistics  
  186  12:56  Starport Reactor  
  186  12:57  Factory x2  
  182  13:07  Viking x2  
  186  13:14  Ghost  
  178  13:23  Thor, Refinery  
  178  13:25  Thor  
  190  13:27  Refinery  
  190  13:35  Liberator  
  190  13:38  Liberator  
  190  13:39  Liberator  
  199  13:44  Command Center  
  199  13:45  Command Center  
  199  13:47  Armory, Ghost Academy  
  199  13:49  Orbital Command x2  
  199  13:55  Factory Tech Lab  
  199  13:56  Factory Tech Lab, Factory Reactor  
  199  13:57  Infernal Pre-Igniter  
  199  14:17  Ghost  
  199  14:35  Command Center  
  199  14:50  Nuke  
  199  14:51  Terran Vehicle And Ship Armor Level 1, Terran Vehicle Weapons Level 3  
  195  14:54  Ghost x2  
  199  15:10  Viking  
  195  15:18  Ghost x2  
  199  15:28  Nuke  
  199  15:42  Nuke  
  197  15:48  Thor  
  198  15:55  Marauder  
  200  15:59  Orbital Command  
  200  16:15  Liberator  
  174  16:29  Ghost x2  
  166  16:38  Liberator x3  
  167  16:58  Liberator  
  152  17:02  Hellbat x5  
  152  17:07  Marine x9  
  152  17:08  Marauder  
  173  17:13  Marauder  
  171  17:23  Thor  
  171  17:25  Marine x2  
  171  17:26  Marauder, Marine x6  
  171  17:27  Siege Tank  
  171  17:28  Marine  
  190  17:40  Hellion x5  
  188  17:44  Nuke x2, Terran Vehicle And Ship Armor Level 2  
  188  17:45  Terran Ship Weapons Level 1  
  188  17:47  Command Center  
  188  17:50  Command Center x2  
  188  17:51  Siege Tank, Marauder x2, Marine  
  189  17:59  Siege Tank  
  191  18:14  Ghost x4  
  193  18:20  Ghost  
  193  18:24  Command Center, Medivac x4  
  193  18:25  Missile Turret  
  193  18:26  Missile Turret  
  197  18:27  Planetary Fortress  
  197  18:29  Orbital Command  
  194  18:44  Ghost  
  194  18:45  Refinery  
  196  18:49  Ghost  
  196  18:50  Ghost  
  196  18:53  Hi-Sec Auto Tracking, Neosteel Armor  
  199  18:59  Factory Tech Lab  
  199  19:02  SCV x4  
  188  19:07  Orbital Command x2  
  188  19:21  Marauder  
  190  19:32  Siege Tank  
  190  19:33  Liberator  
  190  19:35  Marauder  
  190  19:55  Terran Ship Weapons Level 2  
  190  20:12  Sensor Tower  
  190  20:14  Missile Turret  
  190  20:18  Sensor Tower  
  190  20:20  Missile Turret  
  182  20:39  Thor x3  
  200  20:47  Orbital Command  
  200  20:52  Refinery x2  
  200  21:08  Liberator  
  194  21:28  Marauder, Marine  
  197  21:39  Missile Turret  
  194  21:42  Missile Turret  
  194  21:44  Ghost  
  194  21:45  Ghost x3  
  197  22:01  Ghost  
  197  22:07  Siege Tank  
  198  22:12  Ghost  
  200  22:17  Ghost  
  200  22:21  Siege Tank  
  195  22:26  Siege Tank  
  195  22:28  Ghost x2  
  195  22:29  Viking x4  
  183  22:35  Marauder, Marine  
  183  22:36  Marine x5  
  182  22:39  Siege Tank  
  182  22:42  Marauder  
  186  22:46  Marine  
  186  22:52  Marine  
  186  22:54  Marine x5  
  186  22:56  Marine  
  186  22:57  Marine x2  
  195  22:59  Viking x2  
  195  23:02  Marine  
  200  23:10  Marine  
  200  23:11  Viking  
  197  23:35  Missile Turret  
  179  23:41  Thor  
  179  23:42  Thor x2  
  179  23:43  Hellbat  
  193  23:55  SCV x7  
  200  24:08  Sensor Tower  
  200  24:43  Nuke  
  157  25:30  Hellbat  
  157  25:31  Hellbat x2, Ghost x2  
  176  25:37  Liberator x2  
  176  25:38  Liberator  
  173  25:52  Hellbat x2  
  173  25:54  Liberator, Marine  
  173  25:55  Marauder x3  
  173  25:56  Marine x5  
  194  26:01  Marauder x2  
  198  26:08  Factory  
  198  26:10  Factory  
  196  26:12  Marine  
  196  26:13  Hellbat, Marine  
  196  26:17  Factory Tech Lab  
  200  26:30  Sensor Tower  
  200  26:32  Missile Turret  
  194  26:46  Planetary Fortress  
  194  26:59  Ghost, Marine, Marauder  
  194  27:00  Marauder  
  182  27:07  Thor  
  182  27:08  Thor  
  192  27:09  Ghost  
  192  27:13  Marine  
  189  27:18  Marine  
  189  27:25  Liberator x2, Ghost  
  189  27:29  Liberator  
  179  27:37  Ghost x2  
  183  27:49  Thor  
  185  27:54  Ghost  
  180  28:00  Refinery  
  180  28:01  Refinery  
  180  28:02  Missile Turret  
  177  28:32  Orbital Command  
  172  28:39  Orbital Command  
  169  28:49  Thor  
  175  29:02  Unknown  
  175  29:08  Orbital Command  
  175  29:10  Missile Turret  
  175  29:11  Sensor Tower  
  175  29:12  Missile Turret  
  175  29:13  Planetary Fortress  
  175  29:15  Orbital Command  
  175  29:27  Factory Tech Lab x2  
  172  29:46  Ghost  
  172  30:08  Ghost  
  172  30:10  Ghost  
  169  30:17  Marauder, Marine  
  140  30:57  Supply Depot  
  140  30:59  Supply Depot x2  
  140  31:00  Supply Depot  
  139  31:05  Engineering Bay  
  134  31:15  Orbital Command  
  132  31:21  Command Center  
  131  31:40  Barracks Tech Lab  
  131  31:41  Barracks Tech Lab  
  131  31:43  Barracks Reactor  
  130  31:52  Barracks Tech Lab  
  130  31:55  Barracks Tech Lab  
  130  31:58  Barracks Tech Lab  
  130  32:00  Factory Reactor  
  130  32:01  Factory Reactor  
  130  32:06  Supply Depot  
  130  32:07  Supply Depot x4  
Show
View Real Time Build Order
Export as new Build Order

Dark Zerg - Winner!

Build Orders: Hatch First 

Get SALT Encoding   

  12  0:00  Drone  
  13  0:13  Overlord  
  13  0:17  Drone  
  14  0:31  Drone x2  
  16  0:48  Hatchery  
  15  0:52  Drone  
  15  0:55  Drone  
  17  0:57  Drone  
  18  1:09  Extractor  
  17  1:13  Spawning Pool  
  17  1:16  Drone  
  17  1:19  Drone  
  18  1:28  Drone  
  19  1:40  Drone  
  20  1:50  Drone  
  21  2:01  Queen x2  
  21  2:05  Drone  
  21  2:06  Drone  
  27  2:14  Overlord  
  27  2:15  Drone  
  28  2:21  Hatchery  
  27  2:24  Drone  
  28  2:33  Drone  
  28  2:35  Drone  
  28  2:36  Queen  
  30  2:40  Overlord  
  30  2:43  Drone  
  33  2:45  Drone  
  34  2:54  Drone x2  
  34  2:57  Queen  
  38  3:06  Drone x2  
  38  3:08  Overlord  
  38  3:09  Drone x2  
  38  3:10  Drone  
  38  3:12  Drone  
  44  3:19  Extractor  
  43  3:21  Roach Warren  
  43  3:23  Overlord  
  43  3:24  Drone  
  43  3:31  Queen  
  45  3:36  Drone x3  
  48  3:43  Drone x2  
  48  3:45  Drone x3  
  53  3:53  Overlord  
  53  4:01  Roach x5  
  63  4:04  Roach  
  65  4:13  Roach x2  
  65  4:16  Drone x3  
  72  4:20  Drone x2  
  72  4:23  Overlord  
  74  4:26  Overlord  
  74  4:29  Lair, Overlord  
  74  4:37  Overlord  
  74  4:43  Roach x3  
  74  4:44  Drone x2  
  74  4:45  Drone x3  
  85  4:46  Drone x2  
  85  4:48  Drone  
  85  4:52  Drone x2  
  90  4:54  Drone x2  
  90  4:55  Drone  
  93  5:04  Evolution Chamber  
  93  5:05  Evolution Chamber  
  93  5:06  Drone  
  92  5:08  Hatchery  
  92  5:11  Drone x2  
  92  5:12  Drone  
  94  5:15  Spore Crawler  
  94  5:16  Spore Crawler  
  94  5:18  Drone x4  
  94  5:20  Drone  
  97  5:24  Drone x2  
  97  5:25  Drone  
  100  5:30  Glial Reconstitution  
  100  5:31  Extractor  
  100  5:32  Extractor  
  100  5:33  Zerg Melee Weapons Level 1, Zerg Ground Armor Level 1  
  100  5:35  Drone, Extractor  
  99  5:36  Extractor  
  99  5:37  Drone x2, Ravager  
  99  5:41  Drone x4  
  104  5:46  Overseer  
  104  5:53  Hatchery  
  103  5:59  Drone x3  
  103  6:01  Overlord  
  106  6:04  Overlord  
  106  6:05  Overlord  
  106  6:09  Infestation Pit, Drone  
  106  6:10  Baneling Nest  
  105  6:13  Overlord  
  105  6:15  Drone, Spore Crawler  
  105  6:16  Drone, Overlord  
  106  6:20  Drone x2  
  106  6:21  Drone x7  
  106  6:24  Spore Crawler  
  114  6:31  Zergling x14, Metabolic Boost  
  119  6:34  Zergling x2  
  119  6:38  Roach  
  122  6:42  Roach  
  122  6:43  Roach  
  122  6:45  Hive  
  122  6:46  Roach x2  
  130  6:48  Roach  
  130  6:50  Zergling x2, Overseer  
  130  6:52  Zergling x6  
  130  6:54  Zergling x6  
  138  6:56  Zergling x2  
  140  7:03  Zergling x10  
  140  7:07  Zergling x2  
  146  7:08  Hatchery  
  146  7:09  Centrifugal Hooks  
  146  7:11  Zergling x6  
  148  7:18  Zergling x4  
  148  7:19  Zergling x12  
  156  7:29  Zerg Melee Weapons Level 2, Zerg Ground Armor Level 2  
  156  7:30  Overlord x3  
  156  7:31  Overlord  
  156  7:37  Overlord  
  156  7:38  Overlord  
  156  7:39  Overlord  
  156  7:42  Overlord  
  156  7:44  Overlord  
  156  7:47  Overlord  
  156  7:50  Zergling x24  
  168  7:52  Drone  
  168  7:54  Baneling x13  
  169  7:59  Zergling x10  
  169  8:04  Zergling x2  
  169  8:05  Zergling x10  
  179  8:14  Ultralisk Cavern  
  179  8:18  Viper x2  
  184  8:22  Hatchery  
  180  8:28  Drone x2  
  180  8:29  Drone x2  
  180  8:32  Zergling x2  
  180  8:33  Zergling x20  
  195  8:38  Zergling x2  
  195  8:39  Zergling x4  
  189  8:50  Zergling x8  
  189  8:53  Spawning Pool  
  189  8:55  Ultralisk Cavern  
  190  9:02  Drone x11  
  199  9:05  Unknown  
  199  9:07  Overseer  
  195  9:29  Drone x3  
  193  9:31  Drone x2  
  193  9:33  Drone x8  
  193  9:34  Drone x2  
  193  9:35  Extractor x2  
  193  9:36  Drone x3  
  198  9:39  Baneling  
  198  9:40  Baneling x5  
  198  9:42  Adrenal Glands, Chitinous Plating  
  198  9:49  Spore Crawler  
  198  9:50  Zergling x4  
  198  9:51  Spine Crawler  
  198  9:52  Drone, Spore Crawler, Spine Crawler  
  197  9:54  Drone, Spore Crawler  
  197  9:55  Overlord x2  
  197  9:57  Pneumatized Carapace  
  197  9:58  Burrow  
  192  10:00  Zergling x14  
  193  10:11  Zerg Ground Armor Level 3, Zerg Melee Weapons Level 3  
  193  10:12  Zergling x8  
  193  10:13  Zergling x8  
  199  10:21  Spire  
  198  10:26  Baneling x22  
  198  10:27  Hatchery  
  194  10:34  Zergling x2  
  194  10:35  Zergling x18  
  188  10:51  Zergling x14  
  188  10:52  Zergling x16  
  172  11:01  Anabolic Synthesis  
  172  11:09  Infestor x5  
  172  11:11  Zergling x16  
  190  11:13  Queen x3  
  190  11:15  Queen  
  198  11:19  Spore Crawler  
  197  11:27  Baneling x2  
  197  11:28  Baneling x3  
  197  11:35  Greater Spire  
  197  11:45  Drone x3  
  200  11:50  Hatchery  
  199  11:56  Spore Crawler x2  
  199  11:57  Spore Crawler  
  199  11:58  Spore Crawler x2  
  194  12:06  Drone  
  194  12:07  Drone x3  
  194  12:08  Drone x2  
  200  12:11  Spore Crawler  
  199  12:18  Spire  
  199  12:20  Overseer x2, Overlord  
  199  12:21  Overlord  
  196  12:23  Drone x2  
  196  12:24  Drone x2  
  196  12:25  Spore Crawler  
  191  12:40  Drone x4  
  191  12:41  Spine Crawler  
  191  12:43  Spine Crawler x2  
  192  12:48  Zerg Missile Weapons Level 1  
  182  13:04  Corruptor x8  
  197  13:07  Drone x3  
  195  13:20  Zergling x10  
  192  13:35  Zerg Flyer Weapons Level 1, Zerg Flyer Armor Level 1  
  184  13:50  Brood Lord x8  
  184  13:51  Hatchery  
  184  13:55  Baneling x13  
  199  13:56  Baneling x38  
  199  13:58  Zergling x2  
  199  13:59  Zergling x6  
  199  14:01  Baneling x14  
  199  14:02  Baneling x9  
  200  14:51  Zergling x8  
  200  14:52  Neural Parasite  
  194  15:12  Zergling x12  
  200  15:15  Zergling x6  
  200  15:16  Zergling x2  
  200  15:26  Zerg Missile Weapons Level 2  
  200  15:34  Hatchery  
  193  15:47  Zergling x2  
  193  15:49  Zergling x10  
  189  16:07  Zerg Flyer Weapons Level 2, Zerg Flyer Armor Level 2  
  189  16:08  Extractor x2  
  187  16:15  Drone  
  177  16:31  Zergling x20  
  178  16:33  Zergling x14  
  178  16:34  Zergling x14  
  178  16:35  Ultralisk  
  178  16:37  Hatchery  
  178  16:39  Baneling x4  
  187  16:48  Zergling x2  
  187  16:49  Zergling x16  
  187  16:50  Zergling x4  
  188  16:55  Zergling x2  
  188  16:56  Zergling x4  
  188  17:00  Zergling x20  
  182  17:07  Drone x4  
  182  17:08  Drone  
  186  17:16  Unknown  
  171  17:26  Zergling x36  
  164  17:30  Zergling x2, Overseer x2  
  164  17:32  Spore Crawler  
  164  17:33  Spore Crawler  
  164  17:34  Spore Crawler x2  
  164  17:37  Zergling x4  
  161  17:38  Zergling x10  
  164  17:45  Zerg Missile Weapons Level 3  
  164  17:47  Corruptor x4  
  164  17:49  Zergling x2  
  164  17:50  Zergling x6  
  176  17:52  Baneling x3  
  176  17:53  Baneling  
  169  18:01  Drone x2  
  169  18:03  Drone x3  
  171  18:07  Extractor  
  171  18:09  Drone  
  170  18:17  Corruptor x14  
  190  18:24  Baneling x2  
  190  18:36  Infestor x4  
  198  18:45  Zerg Flyer Weapons Level 3  
  198  18:46  Zerg Flyer Armor Level 3  
  198  18:52  Hatchery  
  179  19:06  Brood Lord  
  179  19:07  Brood Lord x9  
  199  19:18  Spore Crawler x2  
  199  19:19  Spore Crawler  
  196  19:39  Spore Crawler x2  
  196  19:40  Spore Crawler  
  196  19:41  Spore Crawler  
  196  19:42  Zergling x14  
  196  19:43  Spore Crawler  
  198  20:01  Baneling x4  
  198  20:12  Nydus Network  
  185  20:34  Ultralisk  
  185  20:35  Ultralisk  
  181  20:36  Drone, Brood Lord  
  181  20:37  Brood Lord x7  
  181  20:38  Zergling x10  
  197  20:49  Hatchery  
  196  20:51  Zergling x6  
  196  20:54  Overseer x2  
  194  21:28  Zergling x10  
  191  21:42  Zergling x30  
  195  21:55  Baneling x11  
  195  21:56  Zergling x8  
  199  22:11  Nydus Canal  
  184  22:27  Zergling x14  
  184  22:28  Zergling x14, Nydus Canal  
  188  22:40  Zergling x24  
  200  22:46  Baneling x12  
  200  22:54  Hatchery  
  200  22:55  Baneling x8  
  199  23:22  Zergling x2  
  196  23:45  Infestor x2  
  196  23:55  Baneling  
  196  23:56  Baneling x4  
  196  24:01  Baneling x3  
  196  24:10  Zergling x8  
  196  24:14  Spore Crawler  
  196  24:16  Drone  
  200  24:18  Extractor x2  
  198  24:25  Drone  
  198  24:28  Spore Crawler  
  198  24:30  Drone x2  
  198  24:31  Drone x3, Spore Crawler x3  
  200  24:32  Spore Crawler x2  
  200  24:35  Spore Crawler  
  197  24:44  Drone x3  
  194  25:07  Drone x6  
  189  25:19  Hatchery  
  180  25:21  Zergling x34  
  180  25:27  Zergling x16  
  196  25:33  Spore Crawler  
  196  25:34  Spore Crawler  
  184  25:45  Viper x2  
  184  25:48  Zergling x20  
  196  25:54  Spore Crawler  
  196  25:56  Zergling x6  
  198  25:58  Zergling x4  
  198  26:02  Baneling  
  198  26:03  Baneling x9  
  200  26:08  Nydus Canal  
  199  26:28  Baneling x2  
  199  26:29  Baneling x4  
  199  26:44  Baneling x7  
  199  26:45  Zergling x2  
  196  27:00  Zergling x34  
  196  27:01  Zergling x14  
  176  27:17  Zergling x2  
  176  27:18  Zergling x14  
  176  27:19  Baneling x16  
  162  27:39  Zergling x32  
  178  27:51  Ultralisk  
  178  27:52  Ultralisk x2  
  178  27:55  Zergling x6  
  199  28:01  Hatchery  
  199  28:04  Baneling x7  
  197  28:13  Zergling x4  
  199  28:34  Nydus Canal  
  199  28:46  Spore Crawler  
  199  28:47  Spore Crawler  
  197  28:49  Spore Crawler x2  
  197  28:52  Viper  
  192  29:23  Nydus Canal  
  192  29:29  Infestor  
  192  29:30  Infestor x3  
  196  30:15  Corruptor  
  196  30:20  Nydus Canal  
  198  30:34  Ultralisk  
  198  30:35  Zergling x10  
  198  30:39  Hatchery  
  180  30:44  Ultralisk x3  
  180  30:48  Zergling x4  
  180  30:49  Zergling x28  
  198  30:52  Corruptor  
  196  30:58  Zergling x8  
  200  31:10  Corruptor x5  
  200  31:11  Corruptor x3  
  194  31:14  Zergling x4  
  194  31:18  Zergling x2  
  194  31:19  Zergling x2  
  194  31:22  Zergling x4  
  194  31:23  Zergling x4  
  200  31:37  Infestor x3  
  200  31:43  Baneling x46  
  200  31:44  Baneling x4  
  200  31:45  Overseer  
  196  31:54  Baneling x5  
  196  31:55  Baneling x2  
  196  31:59  Zergling x8  
  198  32:04  Zergling x4  
  197  32:14  Zergling x8  
  168  32:22  Zergling x16  
  149  32:27  Zergling x2  
  149  32:28  Zergling x8  
Tags
 
Add a new tag
Caveats
  • Supply blocks, unpowered buildings, or Contaminate may cause inaccurate times.
  • Supply counts are checked every 10 seconds.